 Dungeon Crawl Stone Soup version 0.19-a0-32-gbfd796a (webtiles) character file.

20 M4edhros the Grave Robber (level 2, -1/17 HPs)
             Began as an Octopode Necromancer on May 2, 2016.
             Slain by an adder (4 damage)
             ... on level 2 of the Dungeon.
             The game lasted 00:01:50 (310 turns).

M4edhros the Grave Robber (Octopode Necromancer)     Turns: 310, Time: 00:01:50

Health: -1/17      AC:  1    Str:  7    XL:     2   Next: 79%
Magic:  1/4        EV: 12    Int: 17    God:
Gold:   55         SH:  0    Dex: 12    Spells: 1 memorised, 4 levels left

rFire  . . .     SeeInvis .     f - +1 hunting sling (flame)
rCold  . . .     Gourm    .     (no shield)
rNeg   . . .     Faith    .     (helmet restricted)
rPois  .         Spirit   .     (no amulet)
rElec  .         Dismiss  .     (no ring)
rCorr  .         Reflect  .     (no ring)
SustAt .         Harm     .     (no ring)
MR     .....                    (no ring)
Stlth  +++.......               (no ring)
                                (no ring)
                                (no ring)
                                (no ring)

@: lethally poisoned (-1 -> -9), not resistant to hostile enchantments, fairly
stealthy
A: almost no armour, amphibious, 8 rings, constrict 8, camouflage 1, low mp 1,
wild magic 1, gelatinous body 1, evolution 1
a: no special abilities


You were on level 2 of the Dungeon.
You were not hungry.

You visited 1 branch of the dungeon, and saw 2 of its levels.

You collected 55 gold pieces.

Inventory:

Hand Weapons
 f - a +1 hunting sling of flaming (weapon)
Missiles
 g - 35 stones (quivered)
 j - 7 needles of sleeping
Scrolls
 c - a scroll of enchant armour {unknown}
 e - a scroll of identify {unknown}
 k - a scroll of fog {unknown}
 l - a scroll of remove curse {unknown}
 m - a scroll of teleportation {unknown}
Potions
 h - a potion of curing {unknown}
 i - a potion of berserk rage {unknown}
Books
 a - a book of Necromancy

   Spells                             Type                      Level
   a - Pain                           Necromancy                   1
   b - Animate Skeleton               Necromancy                   1
   c - Vampiric Draining              Necromancy                   3
   d - Regeneration                   Charms/Necromancy            3
   e - Animate Dead                   Necromancy                   4
   f - Control Undead                 Necromancy                   4
Comestibles
 b - a bread ration
 d - 3 fruits


   Skills:
 - Level 2.0 Dodging
 - Level 2.6 Stealth
 + Level 2.3 Unarmed Combat
 - Level 2.0 Spellcasting
 - Level 4.0 Necromancy


You had 4 spell levels left.
You knew the following spells:

 Your Spells              Type           Power        Failure   Level  Hunger
a - Pain                  Necr           ###.         6%          1    #......


Dungeon Overview and Level Annotations

Branches:
Dungeon (2/15)

Altars:
Fedhas
Trog


Innate Abilities, Weirdness & Mutations

You cannot wear most types of armour.
You are amphibious.
You can wear up to eight rings at the same time.
You can use your tentacles to constrict eight enemies at once.
Your skin changes colour to match your surroundings (Stealth).
Your rubbery body absorbs attacks (AC +1).
Your magical capacity is low (-10% MP).
Your spells are a little harder to cast, but a little more powerful.
You evolve.


Message History

Casting: Pain
Confirm with . or Enter, or press ? or * to list all spells.
Aiming: Pain
Press: ? - help, Shift-Dir - straight line, f/p - adder
Aim: an adder (moderately wounded, chance to defeat MR: 84%)
The adder convulses in agony!
The adder bites you.
* * * LOW HITPOINT WARNING * * *
You are lethally poisoned!
The adder poisons you!
Drink which item? (? for menu, Esc to quit)
Okay, then.
Casting: Pain
Confirm with . or Enter, or press ? or * to list all spells.
Aiming: Pain
Press: ? - help, Shift-Dir - straight line, f/p - adder
Aim: an adder (almost dead, chance to defeat MR: 84%)
The adder convulses in agony!
* * * LOW HITPOINT WARNING * * *
You feel sick. The adder bites you.
You die...

#.....# ####
#.....#
....##.....#
...........#
...........#
.#..._...#.#
#.......#.#
........%..#
.....8...@S#
............$....
.#............(..
#..._...........
..#...#...###...
###.####..# ...
... ..>. # ..
....


You could see an adder.

Vanquished Creatures
  A dart slug (D:2)
  2 giant geckos
  3 bats (D:1)
  2 goblins (D:1)
  3 hobgoblins (D:1)
  A ball python (D:2)
  A giant newt (D:1)
  A rat (D:1)
14 creatures vanquished.

Notes
Turn   | Place    | Note
--------------------------------------------------------------
     0 | D:1      | M4edhros the Octopode Necromancer began the quest for the Orb.
     0 | D:1      | Reached XP level 1. HP: 11/11 MP: 3/3
    41 | D:1      | Reached skill level 1 in Unarmed Combat
    75 | D:1      | Reached XP level 2. HP: 8/17 MP: 0/5
   137 | D:2      | Gained mutation: Your magical capacity is low (-10% MP). [potion of mutation]
   137 | D:2      | Gained mutation: You evolve. [potion of mutation]
   137 | D:2      | Gained mutation: Your spells are a little harder to cast, but a little more powerful. [potion of mutation]
   296 | D:2      | Found a blossoming altar of Fedhas.
   302 | D:2      | Found a bloodstained altar of Trog.
   310 | D:2      | Slain by an adder

Vault maps used:
D:1:      dpeg_arrival_renting
D:2:      grunt_temple_overflow_open, first_bread, minivault_25

Skill      XL: |  1  2 |
---------------+-------+-----
Unarmed Combat | 1 2 |  2.3
Dodging        | |  2.0
Stealth        | |  2.6
Spellcasting   | |  2.0
Necromancy     | |  4.0

Action                   || total
-------------------------++-------
Melee: Unarmed           ||    10
       Constrict         ||     3
       Tentacles         ||     2
 Fire: Hunting sling     ||     6
 Cast: Pain              ||    15
  Use: Potion            ||     1
 Stab: Sleeping          ||     1
Armor: Skin              ||     1
Dodge: Dodged            ||     4
